 Dungeon Crawl Stone Soup version 0.18-a0-970-g1d4962a (webtiles) character file.

21434 phaer the Blocker (level 12, -3/79 HPs)
             Began as a Gargoyle Fighter on Jan 1, 2016.
             Was the Champion of Okawaru.
             Slain by Rupert
             ... wielding a +3 battleaxe of flaming
              (24 damage)
             ... on level 12 of the Dungeon on Jan 2, 2016.
             The game lasted 00:29:56 (13038 turns).

phaer the Blocker (Gargoyle Fighter)               Turns: 13038, Time: 00:29:56

Health: -3/79      AC: 36    Str: 30    XL:     12   Next: 89%
Magic:  12/12      EV:  9    Int:  9    God:    Okawaru [******]
Gold:   458        SH: 19    Dex: 11    Spells: 0 memorised, 11 levels left

rFire  . . .     SeeInvis .     n - +4 morningstar (crush)
rCold  . . .     Gourm    .     b - +0 plate armour "Keguliq" {rN+}
rNeg   + + .     Faith    +     o - +5 shield
rPois  ∞         Spirit   .     H - +2 helmet
rElec  +         Dismiss  .     Q - +2 cloak
rCorr  .         Reflect  .     O - +1 pair of gloves
SustAt .         Harm     .     C - +0 pair of boots {run}
MR     +....     Rnd*Rage +     E - amulet of faith
Stlth  .......... Rnd*Tele +    q - +2 ring of dexterity
                                s - ring of protection from magic

@: mighty, quick, somewhat resistant to hostile enchantments, extremely
unstealthy
A: rugged brown scales 1, camouflage 1, berserk 1, negative energy resistance 1,
shaggy fur 1, electricity resistance, slow regeneration 1, teleportitis 1,
unbreathing, petrification resistance, rot immunity, AC +8
a: Heroism, Finesse, Renounce Religion


You were on level 12 of the Dungeon.
You worshipped Okawaru.
Okawaru was exalted by your worship.
You were not hungry.

You visited 2 branches of the dungeon, and saw 13 of its levels.
You also visited: Labyrinth and Ossuary.

You collected 1005 gold pieces.
You spent 547 gold pieces at shops.

Inventory:

Hand Weapons
 n - a +4 morningstar of crushing (weapon)
 p - a +0 dire flail of draining
 D - a +3 glaive of freezing
 G - a +3 morningstar
 J - a +0 war axe of flaming
Armour
 b - the +0 plate armour "Keguliq" (worn) {rN+}
   (You found it on level 8 of the Dungeon)

   It protects you from negative energy.
 o - a +5 shield (worn)
 C - a +0 pair of boots of running (worn)
 H - a +2 helmet (worn)
 I - a +2 pair of boots of stealth
 O - a +1 pair of gloves (worn)
 Q - a +2 cloak (worn)
Jewellery
 q - a +2 ring of dexterity (right hand)
 s - a ring of protection from magic (left hand)
 v - a cursed amulet of inaccuracy {unknown}
 x - an uncursed ring of see invisible {unknown}
 B - an uncursed amulet of guardian spirit
 E - an amulet of faith (around neck)
 P - a cursed ring of sustain attributes {unknown}
Wands
 w - a wand of lightning (14/15)
 y - a wand of slowing (27/48)
 F - a wand of paralysis (11/24)
 L - a wand of digging (13/24)
Scrolls
 c - 4 scrolls of teleportation
 e - 7 scrolls of remove curse
 h - 2 scrolls of magic mapping
 i - 2 scrolls of noise
 u - 2 scrolls of recharging
 z - a scroll of fog
 A - a scroll of immolation
 N - 2 scrolls of identify
 V - a scroll of blinking
Potions
 a - 2 potions of poison
 d - a potion of flight
 g - a potion of curing
 k - 2 potions of agility
 l - a potion of might
 t - a potion of ambrosia
 M - a potion of magic
 R - a potion of degeneration
 S - a potion of cure mutation {unknown}
 U - a potion of resistance {unknown}
Books
 m - a book of Summonings

   Spells                             Type                      Level
   a - Recall                         Summoning/Translocation      3
   b - Aura of Abjuration             Summoning                    5
   c - Shadow Creatures               Summoning                    5
   d - Summon Demon                   Summoning                    5
   e - Summon Forest                  Summoning/Translocation      5
   f - Summon Mana Viper              Hexes/Summoning              5
Comestibles
 f - 9 bread rations
 j - 4 meat rations
 K - 3 beef jerkies
 T - 10 chunks of flesh
 X - 7 slices of pizza


   Skills:
 * Level 9.6 Fighting
 * Level 10.9 Maces & Flails
 * Level 10.0 Armour
 + Level 3.8 Dodging
 + Level 1.4 Stealth
 * Level 13.9 Shields


You had 11 spell levels left.
You didn't know any spells.

Dungeon Overview and Level Annotations

Branches:
Dungeon (12/15)            Temple (1/1) D:4            Lair (0/8) D:8
    Orc (0/2) D:9

Altars:
Ashenzari
Cheibriados
Dithmenos
Elyvilon
Fedhas
Gozag
Kikubaaqudgha
Makhleb
Nemelex Xobeh
Okawaru
Pakellas
Qazlal
Ru
Sif Muna
Trog
Vehumet
Xom
Yredelemnul
Zin
The Shining One

Shops:
D:4 (   D:6 *[?((

Annotations:
D:12 Rupert


Innate Abilities, Weirdness & Mutations

You are resistant to torment.
Your stone body is resilient (AC +8).
You are immune to poison.
You resist negative energy.
You are resistant to electric shocks.
You can survive without breathing.
You are immune to petrification.
You are immune to rotting.
You are partially covered in rugged brown scales (AC +1, +3% HP).
Your skin changes colour to match your surroundings (Stealth).
You tend to lose your temper in combat.
You are covered in fur (AC +1).
You regenerate slowly when monsters are visible.
You are occasionally teleported next to monsters.


Message History

The giant frog barely misses you.
Rupert hits you with a battleaxe of flaming!
Rupert burns you.
* * * LOW HITPOINT WARNING * * *
You block the giant frog's attack.
You puncture Rupert!
Rupert is heavily wounded.
You block Rupert's attack. You block the giant frog's attack.
You impale Rupert!!
Rupert is severely wounded.
You block the giant frog's attack. You block Rupert's attack.
The giant frog hits you but does no damage.
You hit Rupert.
Rupert is severely wounded.
Rupert hits you but does no damage.
The giant frog hits you but does no damage.
You closely miss Rupert.
Rupert is severely wounded.
Rupert hits you with a battleaxe of flaming!!
You die...

######
#....#
#....##
#.@@..+
#.[F.##
#....#
#....#
#.....
........
#........
#...#####.


You could see Rupert (berserk) and a giant frog.

Vanquished Creatures
  A minotaur (Lab)
  Snorg (D:12)
  Erolcha (D:8)
  A centaur warrior (D:12)
  Urug (D:12)
  An unseen horror (D:10)
  5 hill giants
  2 phantasmal warriors (D:12)
  Pikel (D:6)
  Maurice (D:8)
  Joseph (D:8)
  4 centaur skeletons
  6 gargoyles
  A komodo dragon (D:8)
  3 trolls
  A two-headed ogre (D:10)
  Grinder (D:4)
  Prince Ribbit (D:5)
  2 slime creatures (D:12)
  A trapdoor spider (D:12)
  Sigmund (D:5)
  A yak (D:10)
  Grum (D:7)
  A wyvern (D:10)
  A shadow (D:11)
  A wraith (D:12)
  Eustachio (D:6)
  A human (D:10)
  A hippogriff (D:7)
  A hog (D:10)
  4 wolves
  A soldier ant (D:11)
  3 sky beasts
  Duvessa (D:4)
  6 orc warriors
  2 wasps
  5 ice beasts
  The ghost of phaer the Skirmisher, an amateur HOFi (D:3)
  A slave (D:6)
  2 black bears
  An eye of draining (D:9)
  5 phantoms
  A necrophage (D:5)
  An ogre (D:8)
  2 crocodiles
  3 big kobolds
  2 elf zombies (Ossuary)
  8 giant frogs
  A gnoll sergeant (D:6)
  Dowan (D:4)
  4 scorpions
  A wyvern skeleton (D:7)
  6 killer bees (D:11)
  18 wights
  3 electric eels
  4 crimson imps
  2 giant frog zombies
  A centaur zombie (D:7)
  A jelly (D:7)
  2 orc priests (D:3)
  7 hounds
  6 iguanas
  Ijyb (D:2)
  6 worker ants
  4 orc wizards (D:8)
  A killer bee zombie (D:11)
  A big kobold zombie (Ossuary)
  2 sheep (D:10)
  A hound zombie (D:9)
  3 hound skeletons
  2 mummies (Ossuary)
  6 gnolls (D:6)
  11 adders
  2 adder skeletons
  3 worms
  6 giant geckos
  40 orcs
  10 bats
  6 giant cockroaches
  7 goblins
  7 hobgoblins
  4 jackals (D:3)
  3 quokkas
  A ball python (D:3)
  A giant gecko skeleton (D:4)
  4 giant newts
  2 gnoll zombies (Ossuary)
  A goblin zombie (Ossuary)
  2 hobgoblin zombies (Ossuary)
  A jackal zombie (D:5)
  21 kobolds
  6 orc zombies (Ossuary)
  A quokka zombie (D:6)
  8 rats
326 creatures vanquished.

Vanquished Creatures (others)
  A giant frog skeleton (D:10)
  2 adders (D:6)
  3 jackals (D:6)
  A plant (D:8)
7 creatures vanquished.

Grand Total: 333 creatures vanquished

Notes
Turn   | Place    | Note
--------------------------------------------------------------
     0 | D:1      | phaer the Gargoyle Fighter began the quest for the Orb.
     0 | D:1      | Reached XP level 1. HP: 14/14 MP: 1/1
    70 | D:1      | Reached XP level 2. HP: 19/19 MP: 2/2
   112 | D:1      | Noticed an ogre
   112 | D:1      | Noticed an ogre
   112 | D:1      | Noticed an ogre
   113 | D:1      | Noticed an ogre
   621 | D:1      | Reached XP level 3. HP: 24/24 MP: 3/3
  1028 | D:2      | Reached skill level 4 in Shields
  1046 | D:2      | Noticed Ijyb
  1087 | D:2      | Killed Ijyb
  1087 | D:2      | Reached XP level 4. HP: 12/29 MP: 4/4
  1284 | D:2      | Found a faded altar to an unknown god.
  1306 | D:2      | Found a sparkling altar of Nemelex Xobeh.
  1467 | D:2      | Found a shattered altar of Ashenzari.
  1873 | D:3      | Reached XP level 5. HP: 31/33 MP: 5/5
  1941 | D:3      | Reached skill level 1 in Dodging
  1956 | D:3      | Noticed phaer's ghost (amateur HOFi)
  1973 | D:3      | Killed phaer's ghost
  2026 | D:3      | Reached XP level 6. HP: 25/38 MP: 6/6
  2082 | D:3      | Reached skill level 5 in Shields
  2505 | D:3      | Found a white marble altar of Elyvilon.
  2646 | D:3      | Found a burning altar of Makhleb.
  2651 | D:3      | Found a glowing golden altar of the Shining One.
  2651 | D:3      | Found a snail-covered altar of Cheibriados.
  2718 | D:4      | Found a staircase to the Ecumenical Temple.
  2738 | Temple   | Entered the Ecumenical Temple
  2773 | Temple   | Became a worshipper of Warmaster Okawaru
  3071 | D:4      | Noticed Grinder
  3079 | D:4      | Killed Grinder
  3079 | D:4      | Reached skill level 5 in Armour
  3079 | D:4      | Reached XP level 7. HP: 27/44 MP: 7/7
  3190 | D:4      | Found Devistreng's Weapon Shop.
  3230 | D:4      | Noticed Duvessa
  3230 | D:4      | Noticed Dowan
  3261 | D:4      | Killed Duvessa
  3261 | D:4      | Reached * piety under Okawaru
  3265 | D:4      | Killed Dowan
  3265 | D:4      | Reached skill level 6 in Shields
  3760 | D:5      | Entered Level 5 of the Dungeon
  3819 | D:5      | Reached skill level 1 in Stealth
  3823 | D:5      | Noticed Sigmund
  3837 | D:5      | Killed Sigmund
  3837 | D:5      | Reached XP level 8. HP: 19/48 MP: 5/8
  4077 | D:5      | Found a shadowy altar of Dithmenos.
  4184 | D:5      | Noticed Prince Ribbit
  4194 | D:5      | Killed Prince Ribbit
  4194 | D:5      | Reached ** piety under Okawaru
  4194 | D:5      | Reached skill level 5 in Fighting
  4274 | D:5      | Reached skill level 5 in Maces & Flails
  4274 | D:5      | Reached skill level 7 in Shields
  4445 | D:5      | Found a radiant altar of Vehumet.
  4500 | D:6      | Noticed Pikel
  4526 | D:6      | Killed Pikel
  4526 | D:6      | Reached *** piety under Okawaru
  4526 | D:6      | Reached XP level 9. HP: 27/54 MP: 4/9
  4531 | D:6      | Found Teduck's Magic Scroll Emporium.
  4546 | D:6      | Found Kuduoghu's Antique Weapon Shoppe.
  4560 | D:6      | Found Tegiegub's Antique Armour Shop.
  4592 | D:6      | Found a sand-covered staircase.
  4603 | Ossuary  | Entered an ossuary
  4975 | D:6      | Bought a pair of glowing boots for 126 gold pieces
  4998 | D:6      | Found a shadowy altar of Dithmenos.
  5031 | D:6      | Bought a scroll of identify for 28 gold pieces
  5031 | D:6      | Bought a scroll of identify for 28 gold pieces
  5031 | D:6      | Bought a scroll of enchant armour for 105 gold pieces
  5031 | D:6      | Bought a scroll of magic mapping for 49 gold pieces
  5037 | D:6      | Bought a glowing war axe for 87 gold pieces
  5099 | D:6      | Reached skill level 8 in Shields
  5162 | D:6      | Found Cicor's Weapon Boutique.
  5251 | D:6      | Noticed Eustachio
  5279 | D:6      | Killed Eustachio
  5473 | D:6      | Found Xinoiv Kyne's Assorted Antiques.
  5481 | D:6      | Bought a glowing morningstar for 124 gold pieces
  5593 | D:7      | Reached **** piety under Okawaru
  5595 | D:7      | Reached skill level 9 in Shields
  5922 | D:7      | Reached XP level 10. HP: 60/60 MP: 10/10
  6619 | D:7      | Reached skill level 10 in Shields
  6663 | D:8      | Noticed Grum
  6681 | D:7      | Reached ***** piety under Okawaru
  7020 | D:7      | Killed Grum
  7394 | D:8      | Found a deep blue altar of Sif Muna.
  7660 | D:8      | Noticed Joseph
  7686 | D:8      | Killed Joseph
  7698 | D:8      | Got a scorched plate armour
  7709 | D:8      | Identified the +0 plate armour "Keguliq" {rN+} (You found it on level 8 of the Dungeon)
  8023 | D:8      | Noticed Maurice
  8026 | D:8      | Found a staircase to the Lair.
  8051 | D:8      | Reached skill level 11 in Shields
  8116 | D:8      | Killed Maurice
  8116 | D:8      | Received a gift from Okawaru
  8381 | D:8      | Noticed Erolcha
  8391 | D:8      | Killed Erolcha
  8391 | D:8      | Reached XP level 11. HP: 62/67 MP: 11/11
  8548 | D:9      | Found a staircase to the Orcish Mines.
  8666 | D:9      | Received a gift from Okawaru
  8781 | D:9      | Gained mutation: Your skin changes colour to match your surroundings (Stealth). [potion of mutation]
  8781 | D:9      | Gained mutation: You are covered in fur (AC +1). [potion of mutation]
  8781 | D:9      | Gained mutation: You are occasionally teleported next to monsters. [potion of mutation]
  8782 | D:9      | Gained mutation: You tend to lose your temper in combat. [potion of mutation]
  8782 | D:9      | Gained mutation: You are partially covered in rugged brown scales (AC +1, +3% HP). [potion of mutation]
  8782 | D:9      | Gained mutation: You regenerate slowly when monsters are visible. [potion of mutation]
  9201 | D:9      | Reached ****** piety under Okawaru
  9348 | D:10     | Entered Level 10 of the Dungeon
  9353 | D:10     | Noticed a hill giant
  9400 | D:10     | Killed a hill giant
  9618 | D:10     | Noticed a hill giant
  9633 | D:10     | Killed a hill giant
  9633 | D:10     | Reached skill level 12 in Shields
  9681 | D:10     | Noticed a hill giant
  9691 | D:10     | Killed a hill giant
 10020 | D:10     | Found an iron altar of Okawaru.
 10261 | D:10     | Killed an unseen horror
 10500 | D:10     | Received a gift from Okawaru
 10538 | D:10     | Identified a +0 pair of boots of running (Okawaru gifted it to you on level 10 of the Dungeon)
 10599 | D:11     | Found a labyrinth entrance.
 10610 | Lab      | Entered a labyrinth
 11056 | Lab      | Reached XP level 12. HP: 48/77 MP: 12/12
 11262 | Lab      | Noticed a minotaur
 11273 | Lab      | Killed a minotaur
 11273 | Lab      | Reached skill level 10 in Maces & Flails
 11743 | D:11     | Reached skill level 13 in Shields
 12174 | D:12     | Noticed Urug
 12183 | D:12     | Killed Urug
 12671 | D:12     | Received a gift from Okawaru
 12809 | D:12     | Noticed a centaur warrior
 12822 | D:12     | Killed a centaur warrior
 12900 | D:12     | Noticed Snorg
 12921 | D:12     | Killed Snorg
 12921 | D:12     | Reached skill level 10 in Armour
 13020 | D:12     | Noticed Rupert
 13038 | D:12     | Slain by Rupert

Vault maps used:
D:1:      erik_arrival_cave_to_civilisation, roderic_lattice_a, st_stairs_13,
          corexii_item_surrounded_by_moat, minmay_misc_feat_hallway
D:2:      nemelex_xobeh_ov_fountains_minmay, nicolae_overflow_hidden_temple,
          ecumenical_altar_2, uniq_iyjb
D:3:      old_standard_altar, minitemple, first_bread
D:4:      minmay_temple_entry_purple_smoke, serial_co_window_serial,
          co_window_corner_a, co_window_paths_a, co_window_corner_a,
          co_window_of_opportunity_a, co_window_paths_a, co_window_paths_a,
          co_window_paths_a, co_window_corner_cb, co_window_unsneaky_path_e,
          co_window_2corner, co_window_unsneaky_path_e, co_window_paths_e,
          co_window_4corner_b, serial_shops, shop, uniq_grinder, uniq_duvessa
D:5:      serial_corexii_hall, corexii_hall_statues_l, corexii_hall_statues_t,
          basic_altar, hex_intersection, kennysheep_cross_bottleneck,
          minmay_liquid_box, nicolae_dithmenos_through_a_glass_darkly,
          uniq_sigmund, uniq_prince_ribbit1
D:6:      lemuel_doored_altar, serial_shops, shop,
          nicolae_shop_overgrown_old_shop, kennysheep_mini_moat, shop,
          nicolae_shop_window_shopping, chequers_ossuary_entry_cave, uniq_pikel,
          uniq_eustachio
D:7:      kennysheep_big_flooded_room, serial_bayou, serial_bayou_lagoon_a,
          serial_bayou_pond_e, serial_bayou_pond_b, serial_bayou_shore_b
D:8:      overflow_temple_1_default, david_lair_shrubbed, uniq_joseph,
          uniq_grum, uniq_maurice, uniq_erolcha
D:10:     grunt_livestock, okawaru_ov_weapons_minmay
D:11:     lab_entry_generic, st_stairs_11
D:12:     uniq_urug, uniq_rupert, uniq_snorg
Temple:   oiseaux_autumnal_temple_12
Lab:      lab_block
Ossuary:  minmay_ossuary_gauntlet

Action                   |  1- 3 |  4- 6 |  7- 9 | 10-12 || total
-------------------------+-------+-------+-------+-------++-------
Melee: Flail             |   121 |   180 |   169 |       ||   470
       Morningstar       |       |       |   203 |   834 ||  1037
  Use: Potion            |       |     3 |       |     8 ||    11
       Scroll            |       |       |    16 |    14 ||    30
  Eat: Chunk             |     1 |     6 |     4 |    16 ||    27
       Meat ration       |       |       |     1 |     1 ||     2
       Fruit             |       |       |       |     6 ||     6
       Pizza             |       |       |       |     1 ||     1
       Royal jelly       |       |       |       |     1 ||     1
